 Dungeon Crawl Stone Soup version 0.31.0-11-ge490571c62 (webtiles) character file.

Game seed: 12057610168085439768

25 qw the Shooter (level 2, 0/16 HPs)
             Began as a Deep Elf Hunter on Feb 3, 2024.
             Slain by a ribbon worm (5 damage)
             ... on level 2 of the Dungeon.
             The game lasted 00:00:01 (815 turns).

qw the Shooter (Deep Elf Hunter)                     Turns: 815, Time: 00:00:02

Health: 0/16       AC:  4    Str:  8    XL:     2   Next: 86%
Magic:  4/4        EV: 12    Int: 13    God:
Gold:   67         SH:  0    Dex: 18    Spells: 1/1 levels left

rFire   . . .        a - +0 shortbow
rCold   . . .        (shield currently unavailable)
rNeg    . . .        c - +0 leather armour
rPois   .            (no helmet)
rElec   .            g - +0 cloak
rCorr   .            (no gloves)
SInv    .            (no boots)
Will    .....        (no amulet)
Stlth   ++           (no ring)
HPRegen 0.22/turn    (no ring)
MPRegen 0.09/turn

%: no passive effects
@: no status effects
A: no striking features
a: no special abilities


You were on level 2 of the Dungeon.
You visited 1 branch of the dungeon, and saw 2 of its levels.

You collected 67 gold pieces.


   Skills:
 - Level 1.5 Fighting
 + Level 6.5 Ranged Weapons
 - Level 2.4 Dodging
 - Level 1.2 Stealth


You had one spell level left.
You didn't know any spells.
Your spell library was empty.

Inventory:

Hand Weapons
 a - a +0 shortbow (weapon)
Armour
 b - a +0 scale mail
 c - a +0 leather armour (worn)
 g - a +0 cloak (worn)
Potions
 d - 3 potions of curing

Dungeon Overview and Level Annotations

Branches:
Dungeon (2/15)

Altars:

Shops:
D:1 !:


Message History

Found a stone staircase leading down.
You now have enough gold to buy a potion of enlightenment on D:1, or buy a potion of heal wounds on D:1.
You can access your shopping list by pressing '$'.
You now have 67 gold pieces (gained 16).
Things that are here:
a +0 dagger; 5 stones
d - 3 potions of curing (gained 1)
A malevolent force fills the Dungeon... and a teleportation trap spontaneously manifests!
You are yanked towards a nearby monster!
Your surroundings suddenly seem different.
A rat comes into view.
Found 5 stones and a robe.
You shoot an arrow. The arrow hits the rat.
You kill the rat!
b - a +0 scale mail A ribbon worm comes into view.
You shoot an arrow.
The arrow hits the ribbon worm but does no damage.
You shoot an arrow. The arrow hits the ribbon worm.
The ribbon worm is lightly wounded.
You shoot an arrow.
The arrow hits the ribbon worm but does no damage.
The ribbon worm is lightly wounded.
You shoot an arrow. The arrow hits the ribbon worm.
The ribbon worm is lightly wounded.
You shoot an arrow. The arrow hits the ribbon worm.
The ribbon worm is lightly wounded.
The ribbon worm expels a string of sticky webbing.
The stream of webbing hits you but does no damage.
You are caught in a web!
You struggle to detach yourself from the web.
The web tears apart.
The ribbon worm bites you.
You shoot an arrow. The arrow hits the ribbon worm.
The ribbon worm is lightly wounded.
The ribbon worm bites you!
You shoot an arrow. The arrow hits the ribbon worm.
The ribbon worm is moderately wounded.
The ribbon worm bites you.
You die...

#..#.#....#.)..##..
##.#).###..(....# ...
#....## ##......#
##..### ##..%..# ...#
#.....##
...#.#########......##
######.#.........>.....#
.........#######.#####.#
#####..### #@......# #
#...## #w....... ^##.###
.......... .....######
#........... ...........
.............
...........
............#..
........###
............#...
....[...# #...........
........#


You could see a ribbon worm (catching breath).

Vanquished Creatures
  2 bats (D:1)
  3 endoplasms (D:1)
  2 goblins
  3 hobgoblins (D:1)
  3 kobolds
  2 quokkas (D:1)
  4 ball pythons
  2 frilled lizards
  2 rats
23 creatures vanquished.

Notes
Turn   | Place    | Note
-------+----------+-------------------------------------------
     0 | D:1      | qw the Deep Elf Hunter began the quest for the Orb.
     0 | D:1      | Reached XP level 1. HP: 12/12 MP: 3/3
     0 | D:1      | 0 ||| qw: Version: 0.3-a-157-g843a77d
     0 | D:1      | 0 ||| qw: Game counter: 3891
     0 | D:1      | 0 ||| qw: Melee chars always use a shield: true
     0 | D:1      | 0 ||| qw: God list: Okawaru
     0 | D:1      | 0 ||| qw: Allow faded altars: false
     0 | D:1      | 0 ||| qw: Do Orc after clearing Dungeon:15 true
     0 | D:1      | 0 ||| qw: Do second Lair branch before Depths: true
     0 | D:1      | 0 ||| qw: Lair rune preference: random
     0 | D:1      | 0 ||| qw: Goals: Normal
     0 | D:1      | 0 ||| PLANNING D:1-11
    35 | D:1      | Found Dykul's Vocational Training.
   121 | D:1      | Found Asuanwe's Distillery.
   132 | D:1      | 132 ||| SHOPLISTING potion of curing (39 gold, have 11).
   132 | D:1      | 132 ||| SHOPLISTING potion of enlightenment (65 gold, have
                  | 11).
   132 | D:1      | 132 ||| SHOPLISTING potion of heal wounds (65 gold, have
                  | 11).
   194 | D:1      | Found a faded altar of an unknown god.
   209 | D:1      | Reached skill level 6 in Ranged Weapons
   209 | D:1      | Reached XP level 2. HP: 16/16 MP: 4/4
   596 | D:1      | 596 ||| UPGRADING to +0 cloak.
   601 | D:1      | 601 ||| READING scroll labelled CIGABO ZESMI.
   601 | D:1      | 601 ||| IDENTIFYING 2 sedimented pink potions
   602 | D:1      | 602 ||| READING scroll labelled VAUTUS HEASH.
   703 | D:1      | 703 ||| DROPPING scroll of butterflies.
   815 | D:2      | Slain by a ribbon worm

Levels and vault maps discovered:
D:1:      eino_arrival_water_star, layout_basic, serial_shops, shop,
          shapermc_ecumenical_altar_venn, nicolae_shop_vocational
D:2:      layout_rooms, basic_altar

Skill      XL: |  1 |
---------------+----+-----
Ranged Weapons | 6 |  6.5
Fighting       | |  1.5
Dodging        | |  2.4
Stealth        | |  1.2

Action                     || total
---------------------------++-------
   Fire: Shortbow          ||    49
    Use: Scroll            ||     2
 Armour: Leather armour    ||     6
  Dodge: Dodged            ||     1

Table legend:
 A = Non-vault XP
 B = Vault XP
 C = Vault XP percentage of total XP
 D = Non-vault monster count
 E = Vault monster count
 F = Vault count percentage of total count
                 A         B        C        D         E       F
            +---------+---------+-------+---------+---------+-------
      Total |      37 |       0 |   0.0 |      23 |       0 |   0.0
            +---------+---------+-------+---------+---------+-------
        D:1 |      29 |       0 |   0.0 |      17 |       0 |   0.0
        D:2 |       8 |       0 |   0.0 |       6 |       0 |   0.0
            +---------+---------+-------+---------+---------+-------
